 Dungeon Sprint DCSS version 0.17.2 (webtiles) character file.

7024 Goblin1989 the Severer (level 10, -5/102 HPs)
             Began as a Deep Dwarf Fighter on July 10, 2016.
             Was the Champion of Makhleb.
             Slain by a dire elephant (19 damage)
             ... in the Dungeon (Sprint IX: "|||||||||||||||||||||||||||||").
             The game lasted 00:05:52 (552 turns).

Goblin1989 the Severer (Deep Dwarf Fighter)          Turns: 552, Time: 00:05:52

Health: -5/102     AC: 18    Str: 23    XL:     10   Next: 82%
Magic:  16/16      EV:  6    Int:  9    God:    Makhleb [******]
Gold:   14         SH: 13    Dex: 18    Spells: 0 memorised, 9 levels left

rFire  . . .     SeeInvis .     p - +1 broad axe (flame)
rCold  . . .     Clarity  .     s - +0 plate armour
rNeg   . . .     SustAt   .     c - +0 shield
rPois  .         Gourm    .     (no helmet)
rElec  .         Spirit   .     (no cloak)
rCorr  .         Warding  .     q - +0 pair of gloves
rMut   .         NoTele   +     r - +0 pair of boots
MR     +....                    (no amulet)
Stlth  ..........               u - +3 ring of dexterity
                                t - +3 ring of dexterity

@: very slightly contaminated, non-regenerating, somewhat resistant to hostile
enchantments, extremely unstealthy
A: damage resistance, recharge devices, sense surroundings 2, slow regeneration
3
a: Device Recharging, Minor Destruction, Lesser Servant of Makhleb, Major
Destruction, Greater Servant of Makhleb, Renounce Religion


You were in the Dungeon.
You worshipped Makhleb.
Makhleb was exalted by your worship.
You were hungry.

You visited 1 branch You collected 14 gold pieces.

Inventory:

Hand Weapons
 a - a +0 flail
 p - a +1 broad axe of flaming (weapon)
Armour
 c - a +0 shield (worn)
 q - a +0 pair of gloves (worn)
 r - a +0 pair of boots (worn)
 s - a +0 plate armour (worn)
Jewellery
 t - a +3 ring of dexterity (left hand)
 u - a +3 ring of dexterity (right hand)
Wands
 e - a wand of heal wounds (1)
 o - a wand of cold (7)
Scrolls
 k - a scroll of fog
 l - 4 scrolls of blinking
 m - 3 scrolls of remove curse
 n - 2 scrolls of amnesia
 v - a scroll of identify
 w - 2 scrolls of enchant armour
Potions
 b - a potion of cure mutation
 d - a potion of brilliance
 g - 4 potions of curing
 h - 9 potions of heal wounds
 j - 4 potions of magic
Comestibles
 f - a bread ration


   Skills:
 + Level 10.3 Fighting
 * Level 15.7(16.5) Axes
 - Level 9.0(12.8) Maces & Flails
 + Level 12.0 Armour
 + Level 12.0 Shields
 + Level 9.9 Invocations


You had 9 spell levels left.
You didn't know any spells.

Dungeon Overview and Level Annotations

Branches:
Dungeon (1/1)

Altars:
Cheibriados
Dithmenos
Elyvilon
Fedhas
Gozag
Kikubaaqudgha
Makhleb
Nemelex Xobeh
Okawaru
Qazlal
Ru
Sif Muna
Trog
Vehumet
Xom
Yredelemnul
Zin
The Shining One
Beogh
Jiyva
Lugonu


Innate Abilities, Weirdness & Mutations

You are resistant to damage.
You can recharge devices by infusing magical energy.
You passively map the area around you.
You do not regenerate naturally.


Message History

Your plate armour prevents you from hitting the dire elephant.
The dire elephant tramples you!!
You stumble backwards!
You take 22 damage, and have 49/102 hp.
MASSIVE DAMAGE!!
You hit the dire elephant but do no damage.
You block the dire elephant's attack.
The dire elephant trunk-slaps you but does no damage.
You hit the dire elephant. You burn the dire elephant.
The dire elephant tramples you!!
* * * LOW HITPOINT WARNING * * *
You stumble backwards!
You take 24 damage, and have 25/102 hp.
MASSIVE DAMAGE!!
You hit the dire elephant but do no damage.
The dire elephant tramples you!
* * * LOW HITPOINT WARNING * * *
You stumble backwards!
You take 11 damage, and have 14/102 hp.
You hit the dire elephant but do no damage.
You hit the dire elephant but do no damage.
The dire elephant tramples you!!
You die...

▓▓▓▓▓▓▓▓▓▓▓▓▓▓▓▓▓▓▓▓▓▓▓▓▓▓▓▓▓▓▓▓▓
)†...†.....'_____________________
▓▓▓▓▓▓▓▓▓▓▓▓▓▓▓▓▓▓▓▓▓▓▓▓▓▓▓▓▓▓▓▓▓
.................................
▓▓▓▓▓▓▓▓▓▓▓▓▓▓▓▓▓▓▓▓▓▓▓▓▓▓▓▓▓▓▓▓▓
.'.....((....†.†@Y...†.†.†.......
▓▓▓▓▓▓▓▓▓▓▓▓▓▓▓▓▓▓▓▓▓▓▓▓▓▓▓▓▓▓▓▓▓
, , ,, , , ** * * * * * ** , , ,
, ,, , , , , , ** * * * ** , ,
,,, ,, ** * * * * , , , , , , ,


You could see a dire elephant.

Vanquished Creatures
  2 dire elephants (D)
  A hill giant (D)
  5 elephants (D)
  A black mamba (D)
  A gargoyle (D)
  2 spiny frogs (D)
  A komodo dragon (D)
  A two-headed ogre (D)
  A hippogriff (D)
  A yak (D)
  3 water moccasins (D)
  A wolf (D)
  2 porcupines (D)
  An orc warrior (D)
  A sky beast (D)
  A giant frog (D)
  2 crocodiles (D)
  2 scorpions (D)
  2 jellies (D)
  A hound (D)
  2 iguanas (D)
  2 worker ants (D)
  A gnoll (D)
  A river rat (D)
  2 bats (D)
  A bat zombie (D)
  2 giant cockroaches (D)
  A goblin (D)
  A jackal (D)
  A rat (D)
46 creatures vanquished.

Notes
Turn   | Place    | Note
--------------------------------------------------------------
     0 | D        | Goblin1989 the Deep Dwarf Fighter began the quest for the Orb.
     0 | D        | Reached XP level 1. HP: 20/20 MP: 1/1
    19 | D        | Reached skill level 4 in Maces & Flails
    24 | D        | Noticed a hound
    24 | D        | Noticed a jelly
    24 | D        | Noticed a worker ant
    27 | D        | Killed a hound
    27 | D        | Reached skill level 6 in Maces & Flails
    27 | D        | Reached XP level 2. HP: 25/27 MP: 2/2
    27 | D        | Reached XP level 3. HP: 30/33 MP: 3/3
    29 | D        | Killed a jelly
    29 | D        | Reached skill level 8 in Maces & Flails
    29 | D        | Reached XP level 4. HP: 35/40 MP: 4/4
    35 | D        | Killed a worker ant
    35 | D        | Reached skill level 9 in Maces & Flails
    44 | D        | Found a glowing silver altar of Zin.
    44 | D        | Found a glowing golden altar of the Shining One.
    44 | D        | Found an ancient bone altar of Kikubaaqudgha.
    44 | D        | Found a basalt altar of Yredelemnul.
    44 | D        | Found a shimmering altar of Xom.
    44 | D        | Found a radiant altar of Vehumet.
    45 | D        | Found an iron altar of Okawaru.
    46 | D        | Found a burning altar of Makhleb.
    47 | D        | Found a deep blue altar of Sif Muna.
    48 | D        | Found a bloodstained altar of Trog.
    49 | D        | Found a sparkling altar of Nemelex Xobeh.
    50 | D        | Found a white marble altar of Elyvilon.
    51 | D        | Found a roughly hewn altar of Beogh.
    52 | D        | Found a viscous altar of Jiyva.
    53 | D        | Found a corrupted altar of Lugonu.
    54 | D        | Became a worshipper of Makhleb the Destroyer
    55 | D        | Found a blossoming altar of Fedhas.
    56 | D        | Found a snail-covered altar of Cheibriados.
    57 | D        | Found a shadowy altar of Dithmenos.
    58 | D        | Found a stormy altar of Qazlal.
    59 | D        | Found an opulent altar of Gozag.
    60 | D        | Found a sacrificial altar of Ru.
   114 | D        | Noticed a worker ant
   114 | D        | Noticed an orc warrior
   114 | D        | Noticed a sky beast
   114 | D        | Noticed a gargoyle
   122 | D        | Killed a worker ant
   124 | D        | Reached * piety under Makhleb
   130 | D        | Killed an orc warrior
   130 | D        | Reached skill level 5 in Axes
   130 | D        | Reached skill level 5 in Armour
   130 | D        | Reached skill level 5 in Shields
   130 | D        | Reached XP level 5. HP: 36/50 MP: 5/5
   136 | D        | Killed a sky beast
   136 | D        | Reached ** piety under Makhleb
   136 | D        | Reached XP level 6. HP: 25/58 MP: 6/6
   151 | D        | Killed a gargoyle
   151 | D        | Reached skill level 5 in Fighting
   151 | D        | Reached XP level 7. HP: 47/68 MP: 7/7
   171 | D        | Noticed a scorpion
   171 | D        | Noticed a jelly
   171 | D        | Noticed a giant frog
   171 | D        | Noticed a hill giant
   171 | D        | Noticed a two-headed ogre
   171 | D        | Noticed a scorpion
   174 | D        | Killed a scorpion
   182 | D        | Killed a hill giant
   182 | D        | Reached skill level 10 in Axes
   182 | D        | Reached XP level 8. HP: 52/80 MP: 8/8
   186 | D        | Killed a jelly
   186 | D        | Reached *** piety under Makhleb
   191 | D        | Killed a giant frog
   197 | D        | Killed a two-headed ogre
   197 | D        | Reached skill level 11 in Axes
   200 | D        | Killed a scorpion
   200 | D        | Reached **** piety under Makhleb
   312 | D        | Noticed a water moccasin
   312 | D        | Noticed an iguana
   312 | D        | Noticed a yak
   312 | D        | Noticed a wolf
   312 | D        | Noticed an iguana
   312 | D        | Noticed a komodo dragon
   316 | D        | Noticed a crocodile
   319 | D        | Killed a water moccasin
   319 | D        | Reached skill level 1 in Invocations
   324 | D        | Noticed a spiny frog
   325 | D        | Killed an iguana
   331 | D        | Killed a yak
   331 | D        | Reached ***** piety under Makhleb
   331 | D        | Reached skill level 12 in Axes
   332 | D        | Killed a wolf
   334 | D        | Noticed a water moccasin
   339 | D        | Killed a komodo dragon
   339 | D        | Gained mutation: You passively map the area around you. [Deep Dwarf growth]
   339 | D        | Reached XP level 9. HP: 27/88 MP: 9/11
   344 | D        | Killed an iguana
   347 | D        | Killed a crocodile
   364 | D        | Killed a spiny frog
   364 | D        | Reached skill level 10 in Armour
   364 | D        | Reached skill level 10 in Shields
   376 | D        | Killed a water moccasin
   376 | D        | Reached skill level 13 in Axes
   376 | D        | Reached skill level 5 in Invocations
   389 | D        | Noticed a water moccasin
   389 | D        | Noticed a black mamba
   389 | D        | Noticed a porcupine
   389 | D        | Noticed a crocodile
   389 | D        | Noticed a spiny frog
   389 | D        | Noticed a porcupine
   397 | D        | Killed a black mamba
   400 | D        | Killed a water moccasin
   400 | D        | Reached ****** piety under Makhleb
   404 | D        | Killed a porcupine
   406 | D        | Killed a crocodile
   417 | D        | Killed a spiny frog
   424 | D        | Killed a porcupine
   425 | D        | Noticed an elephant
   426 | D        | Noticed a hippogriff
   442 | D        | Killed an elephant
   446 | D        | Killed a hippogriff
   446 | D        | Reached skill level 14 in Axes
   446 | D        | Reached XP level 10. HP: 53/99 MP: 14/14
   463 | D        | Noticed a dire elephant
   463 | D        | Noticed a dire elephant
   463 | D        | Noticed an elephant
   463 | D        | Noticed an elephant
   463 | D        | Noticed an elephant
   463 | D        | Noticed an elephant
   486 | D        | Killed a dire elephant
   500 | D        | Killed a dire elephant
   500 | D        | Reached skill level 15 in Axes
   510 | D        | Killed an elephant
   510 | D        | Reached skill level 10 in Fighting
   522 | D        | Killed an elephant
   530 | D        | Killed an elephant
   538 | D        | Noticed a dire elephant
   542 | D        | Killed an elephant
   552 | D        | Slain by a dire elephant

Action                   |  1- 3 |  4- 6 |  7- 9 | 10-12 || total
-------------------------+-------+-------+-------+-------++-------
Melee: Flail             |    17 |     8 |       |       ||    25
       Broad axe         |       |    31 |   121 |    73 ||   225
Invok: Lesser Servant of |       |       |     2 |     1 ||     3
 Abil: Device Recharging |       |       |     1 |       ||     1
Evoke: Wand              |       |     4 |     2 |     2 ||     8
  Use: Potion            |     1 |     1 |     2 |     1 ||     5
 Stab: Invisible         |       |       |     8 |       ||     8
